 Dungeon Crawl Stone Soup version 0.30.1-11-g7821555f0a (webtiles) character file.

Game seed: 11850992728618270010

471 ChrisAssaf the Slasher (level 7, -6/54 HPs)
             Began as a Human Monk on Jan 12, 2024.
             Killed by divine providence
             ... invoked by an orc priest
              (16 damage)
             ... on level 5 of the Dungeon.
             The game lasted 00:05:19 (1780 turns).

ChrisAssaf the Slasher (Human Monk)                 Turns: 1780, Time: 00:05:20

Health: -6/54      AC:  3    Str: 18    XL:     7   Next: 31%
Magic:  7/7        EV: 13    Int: 12    God:
Gold:   79         SH:  0    Dex: 15    Spells: 6/6 levels left

rFire   + . .        a - +2 falchion
rCold   . . .        d - orb {light}
rNeg    . . .        b - +0 robe
rPois   +            (no helmet)
rElec   .            g - +0 cloak {rPois}
rCorr   .            (no gloves)
SInv    .            (no boots)
Will    .....        (no amulet)
Stlth   +            h - +6 ring of strength
HPRegen 0.29/turn    j - ring of protection from fire
MPRegen 0.10/turn

%: no passive effects
@: glowing
A: no striking features
a: no special abilities


You were on level 5 of the Dungeon.
You visited 1 branch of the dungeon, and saw 5 of its levels.

You collected 79 gold pieces.

Inventory:

Hand Weapons
 a - a +2 falchion (weapon)
 i - a +4 quarterstaff of chaos
Armour
 b - a +0 robe (worn)
 d - an orb of light (worn)
 g - a +0 cloak of poison resistance (worn)
Jewellery
 h - a +6 ring of strength (left hand)
 j - a ring of protection from fire (right hand)
Wands
 f - a wand of flame (7)
 l - a wand of roots (6)
 n - a wand of acid (6)
Potions
 c - a potion of ambrosia
 k - a potion of berserk rage {unknown}
 m - a potion of mutation {unknown}


   Skills:
 * Level 4.1 Fighting
 * Level 1.8(3.7) Short Blades
 * Level 5.1(5.3) Long Blades
 * Level 1.8 Armour
 * Level 4.1 Dodging
 * Level 1.9 Stealth
 * Level 1.4 Evocations


You had 6 spell levels left.
You didn't know any spells.
Your spell library contained the following spells:

 Spells                   Type           Power      Damage    Failure   Level
 Gell's Gravitas          Tloc           0%         N/A       69%         3
 Teleport Other           Tloc           0%         N/A       69%         3
 Dispersal                Tloc           0%         N/A       100%        6


Dungeon Overview and Level Annotations

Branches:
Dungeon (5/15)
 Temple: D:4-7

Altars:
Yredelemnul


Message History

An orc comes into view. It is wielding a +0 trident.
The white imp gestures at you. The puff of frost misses you.
An ice beast comes into view.
The orc shouts!
The white imp shouts, "Back with thee, thou weedy toad-spotted pimple!"
The white imp gestures at you. The puff of frost hits you!
* * * LOW HITPOINT WARNING * * *
The phantom attacks as you move away! The phantom hits you.
* * * LOW HITPOINT WARNING * * *
Aiming: Corrosive Bolt
Press: ? - help, Shift-Dir - straight line, f/p - phantom
Aim: a phantom (almost destroyed, haloed, 73% to hit)
The bolt of acid hits the ogre!!
The ogre is severely wounded.
The bolt of acid hits the phantom!!
The acid corrodes the phantom!
You destroy the phantom!
The bolt of acid hits the orc!
The acid corrodes the orc!
You kill the orc!
The ogre barely misses you.
The white imp grins evilly.
Your Dodging skill increases to level 4!
You have reached level 7!
Aiming: Corrosive Bolt
Press: ? - help, Shift-Dir - straight line, f - ogre
Aim: an ogre, wielding a +0 giant spiked club (severely wounded, haloed, 91% to hit)
The bolt of acid hits the ogre!
The acid corrodes the ogre!
You kill the ogre!
The bolt of acid hits the orc!
The acid corrodes the orc!
You kill the orc!
Your Fighting skill increases to level 4!
Your Long Blades skill increases to level 5!
You aren't carrying any scrolls.
Unknown command.
You barely miss the white imp. The white imp closely misses you.
You hit the white imp but do no damage.
The orc priest calls down the wrath of Beogh upon you.
Beogh smites you!
You die...

##..........≈≈~.
≈#.##.....<.....≈≈..........
≈#.......#.....~~.##.#.....≈
≈...?.........#~≈##......~~≈
~.............#~.....Y.....≈
~...#.#..#.##!.~.#.........≈
##.....#......l≈~..oo...~~~≈
....#........#≈≈.#.......~.≈
.........<....~.@5).)......≈
.......)>..###~###..........
....###....# ## #..........
#### ###..# ##......... ##.#
##.....#.. .# #####.... .#
.... .# ... .#


You could see an ice beast, an iguana, an orc priest, a white imp and an orc.

Vanquished Creatures
  An ogre (D:5)
  A phantom (D:5)
  2 scorpions (D:4)
  A jelly (D:4)
  Crazy Yiuf (D:2)
  An iguana (D:3)
  An orc wizard (D:4)
  5 adders
  A worm (D:4)
  A dart slug (D:2)
  6 orcs
  5 ball pythons
  3 endoplasms
  A giant cockroach (D:4)
  A goblin (D:2)
  A hobgoblin (D:2)
  A quokka (D:1)
  2 bats (D:3)
  2 frilled lizards
  A kobold (D:4)
  7 rats
45 creatures vanquished.

Notes
Turn   | Place    | Note
-------+----------+-------------------------------------------
     0 | D:1      | ChrisAssaf the Human Monk began the quest for the Orb.
     0 | D:1      | Reached XP level 1. HP: 18/18 MP: 1/1
   375 | D:1      | Reached XP level 2. HP: 24/24 MP: 2/2
   445 | D:2      | Found a runed translucent door.
   446 | D:2      | Noticed Crazy Yiuf
   459 | D:2      | Killed Crazy Yiuf
   460 | D:2      | Reached XP level 3. HP: 17/29 MP: 3/3
   677 | D:2      | Reached XP level 4. HP: 35/35 MP: 4/4
   803 | D:3      | Reached skill level 1 in Armour
   803 | D:3      | Reached skill level 1 in Stealth
   803 | D:3      | Reached XP level 5. HP: 5/41 MP: 5/5
   954 | D:3      | Reached skill level 4 in Long Blades
  1029 | D:3      | Found a basalt altar of Yredelemnul.
  1036 | D:3      | Reached skill level 1 in Short Blades
  1252 | D:4      | HP: 2/41 [acid (11)]
  1450 | D:4      | Reached XP level 6. HP: 10/47 MP: 6/6
  1620 | D:4      | Reached skill level 1 in Evocations
  1631 | D:4      | HP: 2/48 [poisoned by a scorpion]
  1757 | D:5      | Entered Level 5 of the Dungeon
  1772 | D:5      | Noticed an ogre
  1773 | D:5      | Noticed an ice beast
  1778 | D:5      | Reached XP level 7. HP: 9/53 MP: 7/7
  1779 | D:5      | Reached skill level 5 in Long Blades
  1780 | D:5      | Killed from afar by an orc priest

Illustrated notes

Levels and vault maps discovered:
D:1:      heliophobic_arrival_dark_side_of_the_moon, layout_basic, serial_shops,
          nicolae_shop_tiny_waterfront
D:2:      layout_basic, uniq_crazy_yiuf_cottage
D:3:      layout_basic, yredelemnul_altar_generic,
          amcnicky_mini_rare_corridor_liquid
D:4:      layout_gridville, minmay_misc_feat_cross
D:5:      layout_rooms, serial_rivers, chequers_serial_rivers_micro_e,
          chequers_serial_rivers_micro_b, chequers_serial_rivers_room_b,
          chequers_serial_rivers_marsh, chequers_serial_rivers_micro_e,
          chequers_serial_rivers_small_a, chequers_serial_rivers_micro_a,
          hex_intersection, columned_hall_lemuel, pf_guarded_unrand_meek

Skill      XL: |  1  2  3  4  5  6  7 |
---------------+----------------------+-----
Armour         | 1 |  1.8
Stealth        | 1 |  1.9
Long Blades    | 4 5 |  5.1
Short Blades   | 1 |  1.8
Evocations     | 1 |  1.4
Dodging        | 4 |  4.1
Fighting       | 4 |  4.1

Action                     |  1- 3 |  4- 6 |  7- 9 || total
---------------------------+-------+-------+-------++-------
  Melee: Falchion          |    36 |   100 |     2 ||   138
  Evoke: Wand              |       |    13 |     1 ||    14
    Use: Scroll            |     3 |     3 |       ||     6
         Potion            |     1 |     2 |       ||     3
   Stab: Sleeping          |       |     1 |       ||     1
 Armour: Robe              |     5 |    22 |       ||    27
         Skin              |     7 |       |       ||     7
  Dodge: Dodged            |    25 |    92 |     1 ||   118
